MLB
MINNESOTA TWINS @ KANSAS CITY ROYALS
08/09/2020
 
TOP OF THE 1ST
Minnesota Twins batting - Pitching for Kansas City Royals : LHP Robbie Ray
Pitching: LHP Robbie Ray
Batting: RHB Whit Merrifield 0-0: Ball
1-0: Foul Ball, location: 2F
1-1: DOUBLE (Line Drive, 9LM, EV 88.1 MPH)
Batting: RHB Miguel Rojas 0-0: Fly out, F8 (Line Drive, 8LM, EV 102.5 MPH)
Batting: RHB Carlos Correa 0-0: Ball
1-0: Swinging Strike
1-1: Foul Ball, location: 2F
1-2: Strikes out swinging
Batting: RHB Edwin Encarnacion 0-0: DOUBLE (Line Drive, 7LS, EV 110.6 MPH)
Whit Merrifield scores
Batting: RHB Domingo Santana 0-0: Ball
1-0: Ball
2-0: Called Strike
2-1: Swinging Strike
2-2: Ball
3-2: Strikes out swinging
Top of the 1st over - 1 run, 2 hits, 0 errors, 1 left on base; Minnesota 1 - Kansas City 0
BOTTOM OF THE 1ST
Kansas City Royals batting - Pitching for Minnesota Twins : RHP Keyvius Sampson
Pitching: RHP Keyvius Sampson
Batting: LHB Jesse Winker 0-0: SINGLE (Groundball, 34D, EV 95.0 MPH)
Batting: SHB Jurickson Profar 0-0: Ball
1-0: Called Strike
1-1: Foul Ball, location: 2F
1-2: Ball
2-2: Fly out, F7 (Line Drive, 7, EV 90.0 MPH)
Batting: LHB Anthony Rizzo Balk!
Jesse Winker to second
0-0: Ball
1-0: Ball
2-0: Called Strike
2-1: Called Strike
2-2: Foul Ball, location: 2F
2-2: Strikes out swinging
Batting: RHB Nolan Arenado 0-0: Ball
1-0: Called Strike
1-1: Foul Ball, location: 2F
1-2: Foul Ball, location: 2F
1-2: Ball
2-2: Strikes out swinging
Bottom of the 1st over - 0 runs, 1 hit, 0 errors, 1 left on base; Minnesota 1 - Kansas City 0
TOP OF THE 2ND
Minnesota Twins batting - Pitching for Kansas City Royals : LHP Robbie Ray
Batting: RHB Michael Chavis 0-0: Ball
1-0: Called Strike
1-1: Hit by Pitch
Batting: LHB Jay Bruce 0-0: Called Strike
0-1: Ball
1-1: Called Strike
1-2: Foul Ball, location: 2F
1-2: Ball
2-2: Foul Ball, location: 2F
2-2: Foul Ball, location: 2F
2-2: Ball
3-2: Base on Balls
Michael Chavis to second
Batting: RHB Teoscar Hernandez 0-0: Ball
1-0: Called Strike
1-1: Swinging Strike
1-2: Ball
2-2: Strikes out swinging
Batting: RHB Aramis Garcia 0-0: Swinging Strike
0-1: Swinging Strike
0-2: Strikes out looking
Batting: RHB Whit Merrifield 0-0: Ball
1-0: Ball
2-0: Called Strike
2-1: Ground out 5-3 (Groundball, 56S, EV 70.0 MPH)
Top of the 2nd over - 0 runs, 0 hits, 0 errors, 2 left on base; Minnesota 1 - Kansas City 0
BOTTOM OF THE 2ND
Kansas City Royals batting - Pitching for Minnesota Twins : RHP Keyvius Sampson
Batting: LHB Trent Grisham 0-0: Ball
1-0: Ball
2-0: Ball
3-0: Base on Balls
Batting: RHB Dansby Swanson 0-0: Ball
1-0: SINGLE (Line Drive, 7S, EV 88.8 MPH)
Trent Grisham to second
Batting: RHB Manuel Margot 0-0: Foul Ball, location: 2F
0-1: Ball
1-1: Foul Ball, location: 2F
1-2: Foul Ball, location: 2F
1-2: Ball
2-2: Ball
3-2: Base on Balls
Trent Grisham to third
Dansby Swanson to second
Batting: RHB Sean Murphy 0-0: Ball
1-0: Ball
2-0: Ball
3-0: Called Strike
3-1: SINGLE (Flyball, 78S, EV 86.9 MPH)
Trent Grisham scores
Dansby Swanson to third
Manuel Margot to second
Batting: SHB Niko Goodrum 0-0: Foul Ball, location: 2F
0-1: Fielders Choice at 2nd, 4-6 (Groundball, 34, EV 103.1 MPH)
Dansby Swanson scores
Manuel Margot to third
Batting: LHB Jesse Winker 0-0: Called Strike
0-1: Fly out, F8 (Line Drive, 8RM, EV 101.9 MPH)
Runner from 3rd tags up, SCORES, throw by CF
Batting: SHB Jurickson Profar 0-0: Called Strike
0-1: Foul Ball, location: 2F
0-2: Fielders Choice at 2nd, 6-4 (Groundball, 6, EV 97.5 MPH)
Bottom of the 2nd over - 3 runs, 2 hits, 0 errors, 1 left on base; Minnesota 1 - Kansas City 3
TOP OF THE 3RD
Minnesota Twins batting - Pitching for Kansas City Royals : LHP Robbie Ray
Batting: RHB Miguel Rojas 0-0: Ball
1-0: Swinging Strike
1-1: Ground out 4-3 (Groundball, 4, EV 85.6 MPH)
Batting: RHB Carlos Correa 0-0: Foul Ball, location: 2F
0-1: Swinging Strike
0-2: Strikes out swinging
Batting: RHB Edwin Encarnacion 0-0: Ball
1-0: Ball
2-0: Ball
3-0: Called Strike
3-1: DOUBLE (Groundball, 5L, EV 104.4 MPH)
Batting: RHB Domingo Santana 0-0: Ball
1-0: Swinging Strike
1-1: Foul Ball, location: 2F
1-2: Ground out 6-3 (Groundball, 6, EV 87.5 MPH)
Top of the 3rd over - 0 runs, 1 hit, 0 errors, 1 left on base; Minnesota 1 - Kansas City 3
BOTTOM OF THE 3RD
Kansas City Royals batting - Pitching for Minnesota Twins : RHP Keyvius Sampson
Batting: LHB Anthony Rizzo 0-0: Swinging Strike
0-1: Foul Ball, location: 2F
0-2: Ball
1-2: Ground out 4-3 (Groundball, 4, EV 105.0 MPH)
Batting: RHB Nolan Arenado 0-0: Foul Ball, location: 2F
0-1: Ground out 5-3 (Groundball, 5D, EV 90.6 MPH)
Batting: LHB Trent Grisham 0-0: Called Strike
0-1: Ball
1-1: Ball
2-1: Ground out 6-3 (Groundball, 6, EV 102.5 MPH)
Bottom of the 3rd over - 0 runs, 0 hits, 0 errors, 0 left on base; Minnesota 1 - Kansas City 3
TOP OF THE 4TH
Minnesota Twins batting - Pitching for Kansas City Royals : LHP Robbie Ray
Batting: RHB Michael Chavis 0-0: Swinging Strike
0-1: Ball
1-1: Ball
2-1: Foul Ball, location: 2F
2-2: SINGLE (Groundball, 6D, EV 100.0 MPH)
Batting: LHB Jay Bruce 0-0: Ball
1-0: Grounds into double play, 5-6-3 (Groundball, 56, EV 108.1 MPH)
Batting: RHB Teoscar Hernandez 0-0: Foul Ball, location: 2F
0-1: Ball
1-1: Ball
2-1: DOUBLE (Line Drive, 7LS, EV 90.0 MPH)
Batting: RHB Aramis Garcia 0-0: Ball
1-0: Ball
2-0: Called Strike
2-1: Ball
3-1: Swinging Strike
3-2: Strikes out swinging
Top of the 4th over - 0 runs, 2 hits, 0 errors, 1 left on base; Minnesota 1 - Kansas City 3
BOTTOM OF THE 4TH
Kansas City Royals batting - Pitching for Minnesota Twins : RHP Keyvius Sampson
Batting: RHB Dansby Swanson 0-0: Foul Ball, location: 2F
0-1: Swinging Strike
0-2: Ball
1-2: Fly out, F9 (Line Drive, 9S, EV 89.4 MPH)
Batting: RHB Manuel Margot 0-0: Swinging Strike
0-1: Fly out, F8 (Flyball, 8LM, EV 84.4 MPH)
Batting: RHB Sean Murphy 0-0: Foul Ball, location: 2F
0-1: Called Strike
0-2: Ball
1-2: Strikes out swinging
Bottom of the 4th over - 0 runs, 0 hits, 0 errors, 0 left on base; Minnesota 1 - Kansas City 3
TOP OF THE 5TH
Minnesota Twins batting - Pitching for Kansas City Royals : LHP Robbie Ray
Pitching: RHP Cristian Javier
Batting: RHB Whit Merrifield 0-0: Fly out, F8 (Flyball, 78XD, EV 95.6 MPH)
Batting: RHB Miguel Rojas 0-0: Called Strike
0-1: Called Strike
0-2: Ball
1-2: Ball
2-2: SINGLE (Line Drive, 9S, EV 106.3 MPH)
Batting: RHB Carlos Correa 0-0: Called Strike
0-1: SINGLE (Flyball, 8LS, EV 94.4 MPH)
Miguel Rojas to second
Batting: RHB Edwin Encarnacion 0-0: Ball
1-0: Foul Ball, location: 2F
1-1: 3-RUN HOME RUN (Flyball, 78XD, EV 94.4 MPH), Distance : 416 ft
Batting: RHB Domingo Santana 0-0: Ball
1-0: Called Strike
1-1: Swinging Strike
1-2: Strikes out swinging
Batting: RHB Michael Chavis 0-0: Fly out, F7 (Line Drive, 7, EV 100.0 MPH)
Top of the 5th over - 3 runs, 3 hits, 0 errors, 0 left on base; Minnesota 4 - Kansas City 3
BOTTOM OF THE 5TH
Kansas City Royals batting - Pitching for Minnesota Twins : RHP Keyvius Sampson
Batting: SHB Niko Goodrum 0-0: Ball
1-0: Fly out, F4 (Flyball, 34D, EV 93.1 MPH)
Batting: LHB Jesse Winker 0-0: Ball
1-0: Ground out 4-3 (Groundball, 4S, EV 69.4 MPH)
Batting: SHB Jurickson Profar 0-0: Ball
1-0: Ball
2-0: Ball
3-0: Base on Balls
Pitching: RHP Trey Wingenter
Batting: LHB Anthony Rizzo 0-0: Called Strike
0-1: Ball
1-1: Foul Ball, location: 2F
1-2: SINGLE (Groundball, 4MD, EV 93.8 MPH)
Jurickson Profar to second
Batting: RHB Nolan Arenado 0-0: Foul Ball, location: 2F
0-1: Called Strike
0-2: Strikes out swinging
Bottom of the 5th over - 0 runs, 1 hit, 0 errors, 2 left on base; Minnesota 4 - Kansas City 3
TOP OF THE 6TH
Minnesota Twins batting - Pitching for Kansas City Royals : RHP Cristian Javier
Pitching: RHP Silvino Bracho
Batting: LHB Jay Bruce 0-0: Called Strike
0-1: Swinging Strike
0-2: Strikes out swinging
Batting: RHB Teoscar Hernandez 0-0: Ball
1-0: Fly out, F8 (Flyball, 78S, EV 78.1 MPH)
Batting: RHB Aramis Garcia 0-0: Swinging Strike
0-1: Foul Ball, location: 2F
0-2: Ball
1-2: Foul Ball, location: 2F
1-2: Foul Ball, location: 2F
1-2: Strikes out swinging
Top of the 6th over - 0 runs, 0 hits, 0 errors, 0 left on base; Minnesota 4 - Kansas City 3
BOTTOM OF THE 6TH
Kansas City Royals batting - Pitching for Minnesota Twins : RHP Trey Wingenter
Batting: LHB Trent Grisham 0-0: Called Strike
0-1: Fly out, F9 (Flyball, 89D, EV 90.0 MPH)
Batting: RHB Dansby Swanson 0-0: Called Strike
0-1: Ball
1-1: Swinging Strike
1-2: Foul Ball, location: 2F
1-2: Ball
2-2: Foul Ball, location: 2F
2-2: Ball
3-2: Base on Balls
Batting: RHB Manuel Margot 0-0: Ball
1-0: Ground out 5-3 (Groundball, 5S, EV 66.3 MPH)
Dansby Swanson to second
Pitching: RHP Victor Arano
Batting: RHB Sean Murphy 0-0: Called Strike
0-1: Ball
1-1: Foul Ball, location: 2F
1-2: Ball
2-2: Strikes out swinging
Bottom of the 6th over - 0 runs, 0 hits, 0 errors, 1 left on base; Minnesota 4 - Kansas City 3
TOP OF THE 7TH
Minnesota Twins batting - Pitching for Kansas City Royals : RHP Silvino Bracho
Pitching: LHP Jose Alvarado
Batting: RHB Whit Merrifield 0-0: Ball
1-0: DOUBLE (Line Drive, 89D, EV 108.8 MPH)
Batting: RHB Miguel Rojas 0-0: Ball
1-0: Ball
2-0: Fly out, F1 (Line Drive, P, EV 74.4 MPH)
Batting: RHB Carlos Correa 0-0: Ball
1-0: Called Strike
1-1: Ball
2-1: Foul Ball, location: 2F
2-2: Fly out, F7 (Flyball, 7LM, EV 85.0 MPH)
Batting: RHB Edwin Encarnacion 0-0: Foul Ball, location: 2F
0-1: Swinging Strike
0-2: Strikes out looking
Top of the 7th over - 0 runs, 1 hit, 0 errors, 1 left on base; Minnesota 4 - Kansas City 3
BOTTOM OF THE 7TH
Kansas City Royals batting - Pitching for Minnesota Twins : RHP Victor Arano
Pitching: RHP Tommy Kahnle
Batting: SHB Niko Goodrum 0-0: Called Strike
Bottom of the 7th over - 0 runs, 0 hits, 0 errors, 0 left on base; Minnesota 4 - Kansas City 3
Tuesday, October 6th, 2020 - OOTP Baseball 21.6 Build 83